 Dungeon Crawl Stone Soup version 0.29-a0-72-g1732ff48e7 (webtiles) character file.

Game seed: 9770281440845336759

260 HallandMoats the Skirmisher (level 6, -4/33 HPs)
             Began as a Vine Stalker Fighter on Feb 3, 2022.
             Was a Believer of Kikubaaqudgha.
             Slain by a water moccasin (6 damage)
             ... in a sewer.
             The game lasted 00:03:21 (2211 turns).

HallandMoats the Skirmisher (Vine Stalker Fighter)  Turns: 2211, Time: 00:03:22

Health: -4/33      AC:  7    Str: 21    XL:     6   Next: 17%
Magic:  0/8        EV:  9    Int:  8    God:    Kikubaaqudgha [**....]
Gold:   78         SH:  4    Dex: 13    Spells: 5/5 levels left

rFire   . . .      SeeInvis .   a - +0 trident
rCold   . . .      Faith    .   c - +0 buckler
rNeg    . . .      Spirit   +   b - +0 scale mail
rPois   .          Reflect  .   e - +0 helmet
rElec   .          Harm     .   (no cloak)
rCorr   .          Rampage  .   (no gloves)
Will    .....                   (no boots)
Stlth   ..........              (no amulet)
HPRegen 0.91/turn               (no ring)
MPRegen 0.11/turn               (no ring)

@: no status effects
A: fangs 2, regeneration 1, magic shield, antimagic bite, no potion heal 2
a: Renounce Religion, Receive Corpses


You were in a sewer.
You worshipped Kikubaaqudgha.
Kikubaaqudgha was pleased with you.
You visited 1 branch of the dungeon, and saw 3 of its levels.
You also visited: Sewer.

You collected 78 gold pieces.

Inventory:

Hand Weapons
 a - a +0 trident (weapon)
Armour
 b - a +0 scale mail (worn)
 c - a +0 buckler (worn)
 e - a +0 helmet (worn)
Jewellery
 q - a ring of resist corrosion
Wands
 o - a wand of paralysis (13)
Scrolls
 d - a scroll of silence {unknown}
 f - a scroll of blinking {unknown}
 j - a scroll of fog {unknown}
 m - a scroll of summoning {unknown}
 p - a scroll of teleportation {unknown}
Potions
 g - a potion of curing
 h - a potion of mutation {unknown}
 i - a potion of ambrosia {unknown}
 k - a potion of berserk rage {unknown}
 l - a potion of heal wounds {unknown}
 n - a potion of cancellation {unknown}


   Skills:
 * Level 3.7 Fighting
 * Level 3.0 Polearms
 + Level 3.0 Armour
 + Level 1.1 Dodging
 + Level 3.2 Shields
 * Level 2.6 Invocations


You had 5 spell levels left.
You didn't know any spells.
Your spell library contained the following spells:

 Spells                   Type           Power      Damage    Failure   Level
 Animate Skeleton         Necr           0%         N/A       83%         1
 Summon Small Mammal      Summ           0%         N/A       83%         1
 Corpse Rot               Necr/Air       0%         N/A       93%         2
 Call Canine Familiar     Summ           0%         N/A       99%         3
 Summon Guardian Golem    Hex/Summ       0%         N/A       99%         3
 Vampiric Draining        Necr           0%         2d6       99%         3
 Agony                    Necr           0%         N/A       100%        5


Dungeon Overview and Level Annotations

Branches:
Dungeon (3/15)              Sewer (1/1)

Altars:
Kikubaaqudgha


Innate Abilities, Weirdness & Mutations

You have extremely sharp teeth.
Your natural rate of healing is unusually fast.
When hurt, damage is shared between your health and your magic reserves.
Your bite disrupts and absorbs the magic of your enemies.
Potions cannot restore your health.


Message History

You completely miss the water moccasin. Your bite misses the water moccasin.
The water moccasin is severely wounded.
You feel sick.
The water moccasin barely misses you. x2
You barely miss the water moccasin. Your bite misses the water moccasin.
The water moccasin is severely wounded.
You feel sick. The water moccasin bites you.
* * * LOW HITPOINT WARNING * * *
The water moccasin barely misses you.
You closely miss the water moccasin. Your bite misses the water moccasin.
The water moccasin is severely wounded.
You feel sick. You block the water moccasin's attack.
The water moccasin bites you!
* * * LOW HITPOINT WARNING * * *
You are lethally poisoned!
The water moccasin poisons you!
It was a potion of curing.
Your system rejects the healing.
You feel better. The water moccasin bites you.
* * * LOW HITPOINT WARNING * * *
You closely miss the water moccasin. You bite the water moccasin.
You drain its power.
You feel invigorated.
The water moccasin is severely wounded.
The water moccasin bites you but does no damage.
You block the water moccasin's attack.
You miss the water moccasin.
The water moccasin is severely wounded.
You block the water moccasin's attack.
You hit the water moccasin but do no damage.
The water moccasin is severely wounded.
The water moccasin closely misses you.
The water moccasin bites you but does no damage.
You barely miss the water moccasin. Your bite misses the water moccasin.
The water moccasin is severely wounded.
The water moccasin bites you.
* * * LOW HITPOINT WARNING * * *
You block the water moccasin's attack.
You barely miss the water moccasin.
The water moccasin is severely wounded.
The water moccasin bites you!
You die...
Kikubaaqudgha rasps: "You have failed me!
Welcome... death!"

!(#. .#.#
#.≈.
##≈..##
#≈....#
.≈...##
#≈.†#
#†S##
#.≈@#
##.≈# #.
#..# #..
#≈.# #≈≈#
##.≈# #.≈.
#...#
#≈≈###..##
#...#...#
#≈.≈..##


You could see a water moccasin.

Vanquished Creatures
  Jessica (D:2)
  Natasha (thrice) (D:2)
  An orc wizard (D:3)
  Robin (D:2)
  3 gnolls (D:2)
  3 adders
  2 worms
  A dart slug (D:2)
  2 orcs (D:3)
  4 ball pythons
  9 bats
  An endoplasm (D:1)
  2 giant cockroaches
  14 goblins
  6 hobgoblins
  2 jackals (Sewer)
  A frilled lizard (D:2)
  3 kobolds
  5 rats
64 creatures vanquished.

Notes
Turn   | Place    | Note
-------+----------+-------------------------------------------
     0 | D:1      | HallandMoats the Vine Stalker Fighter began the quest for
                  | the Orb.
     0 | D:1      | Reached XP level 1. HP: 11/11 MP: 2/2
    43 | D:1      | Reached XP level 2. HP: 13/16 MP: 1/3
   594 | D:1      | Reached skill level 1 in Invocations
   732 | D:2      | Noticed Natasha
   743 | D:2      | Killed Natasha
   744 | D:2      | Reached XP level 3. HP: 1/20 MP: 1/4
  1101 | D:2      | Noticed Jessica
  1116 | D:2      | Killed Jessica
  1117 | D:2      | Gained mutation: Your natural rate of healing is unusually
                  | fast. [Vine Stalker growth]
  1117 | D:2      | Reached XP level 4. HP: 8/24 MP: 2/6
  1304 | D:2      | Noticed Natasha
  1315 | D:2      | Killed Natasha
  1316 | D:2      | Reached XP level 5. HP: 20/28 MP: 4/7
  1383 | D:2      | Noticed Natasha
  1390 | D:2      | Killed Natasha
  1391 | D:2      | Reached skill level 1 in Dodging
  1537 | D:2      | Found a faded altar of an unknown god.
  1553 | D:2      | Prayed at the altar of an unknown god.
  1553 | D:2      | Became a worshipper of Kikubaaqudgha
  1553 | D:2      | Reached * piety under Kikubaaqudgha
  1553 | D:2      | Received a gift from Kikubaaqudgha
  1573 | D:2      | Noticed Robin
  1594 | D:2      | Killed Robin
  2070 | D:3      | Reached XP level 6. HP: 32/32 MP: 8/8
  2130 | D:3      | Found a glowing drain.
  2136 | D:3      | Reached ** piety under Kikubaaqudgha
  2148 | Sewer    | Entered a sewer
  2186 | Sewer    | Noticed a water moccasin
  2206 | Sewer    | HP: 1/33 [water moccasin (2)]
  2211 | Sewer    | Slain by a water moccasin

Illustrated notes

Levels and vault maps discovered:
D:1:      amcnicky_arrival_flooded_fountain, layout_rooms,
          ebering_dispersal_statue_hall, minmay_pentomino_w2
D:2:      layout_basic, ebering_ecumenical_altar_box, uniq_natasha, uniq_robin,
          uniq_jessica
D:3:      layout_loops_ring, cheibrodos_sewer_entry_drain
Sewer:    sewer_the_moccasin

Skill      XL: |  1  2  3  4  5  6 |
---------------+-------------------+-----
Polearms       | 2 3 |  3.0
Invocations    | 1 2 |  2.6
Fighting       | 3 |  3.7
Shields        | 3 |  3.2
Dodging        | 1 |  1.1
Armour         | 3 |  3.0

Action                   |  1- 3 |  4- 6 || total
-------------------------+-------+-------++-------
Melee: Trident           |    65 |   149 ||   214
       Bite              |    13 |    28 ||    41
Invok: Receive Corpses   |       |     1 ||     1
  Use: Potion            |       |     2 ||     2
Armor: Scale mail        |    22 |    50 ||    72
Dodge: Dodged            |    30 |    49 ||    79
Block: Buckler           |    15 |    35 ||    50

Table legend: (Time is in decaauts)
 A = Elapsed time spent in this place.
 B = Non-inter-level travel time spent in this place.
 C = Inter-level travel time spent in this place.
 D = Time resting spent in this place.
 E = Time spent auto-exploring this place.
 F = Levels seen in this place.
 G = Mean time per level.
                   A        B        C        D        E       F      G
               +--------+--------+--------+--------+--------+-----+--------+
         Total |   2289 |   2249 |     40 |     52 |   1683 |   4 |  572.2 |
       Dungeon |   2219 |   2179 |     40 |     52 |   1654 |   3 |  739.7 |
         Sewer |     70 |     70 |      0 |      0 |     29 |   1 |   70.0 |
               +--------+--------+--------+--------+--------+-----+--------+

Top non-repeatable levels by time:
     D:2: 1234 daAuts
     D:1: 702 daAuts
     D:3: 283 daAuts
   Sewer: 70 daAuts
